 Dungeon Crawl Stone Soup version 0.26-a0-962-g9b92081034 (webtiles) character file.

Game seed: 1411419157174040666

3630 KristoblXynda the Carver (level 9, -4/79 HPs)
             Began as a Yellow Draconian Gladiator on Dec 2, 2020.
             Was a Priest of Cheibriados.
             Killed from afar by a hobgoblin (5 damage)
             ... with a puff of flame
             ... on level 8 of the Dungeon.
             The game lasted 00:11:18 (8219 turns).

KristoblXynda the Carver (DrGl)                     Turns: 8219, Time: 00:11:19

Health: -4/79      AC: 11    Str: 23    XL:     9   Next: 87%
Magic:  9/9        EV: 18    Int: 19    God:    Cheibriados [***...]
Gold:   387        SH:  0    Dex: 26    Spells: 8/8 levels left

rFire    . . .     SeeInvis .   a - +5 scimitar
rCold    . . .     Faith    .   (no shield)
rNeg     . . .     Spirit   .   (armour unavailable)
rPois    .         Reflect  .   b - +1 hat
rElec    .         Harm     .   A - +0 cloak
rCorr    +         Rampage  .   (no gloves)
MR       .....                  k - +1 pair of boots
Stlth    ++++......             i - amulet of the acrobat
HPRegen  0.23/turn              p - +6 ring of dexterity
MPRegen  0.11/turn              x - ring of stealth

@: about to teleport, very slow
A: spit acid, unfitting armour, cold-blooded, acid resistance, AC +7
a: Breathe Acid, Bend Time, Temporal Distortion, Renounce Religion


You were on level 8 of the Dungeon.
You worshipped Cheibriados.
Cheibriados was most pleased with you.
You visited 2 branches of the dungeon, and saw 9 of its levels.

You collected 531 gold pieces.
You spent 144 gold pieces at shops.

Inventory:

Hand Weapons
 a - a +5 scimitar (weapon)
Missiles
 c - 5 throwing nets (quivered)
Armour
 b - a +1 hat (worn)
 k - a +1 pair of boots (worn)
 A - a +0 cloak (worn)
Jewellery
 i - an amulet of the acrobat (around neck)
 p - a +6 ring of dexterity (left hand)
 x - a ring of stealth (right hand)
 y - an uncursed ring of protection from cold
Wands
 s - a wand of paralysis (11)
Scrolls
 g - a scroll of fog
 j - 8 scrolls of remove curse
 n - 2 scrolls of teleportation
 o - a scroll of blinking {unknown}
 r - a scroll of magic mapping {unknown}
 t - a scroll of enchant weapon {unknown}
 w - a scroll of immolation {unknown}
 B - a scroll of enchant armour
Potions
 d - 3 potions of cancellation
 e - 3 potions of mutation {unknown}
 f - 2 potions of resistance {unknown}
 h - 4 potions of flight
 l - 2 potions of haste {unknown}
 m - 6 potions of curing
 q - a potion of might {unknown}
 u - 2 potions of heal wounds {unknown}
 v - 2 potions of invisibility {unknown}
 z - 2 potions of lignification {unknown}
 C - a potion of brilliance {unknown}
 D - 3 potions of attraction {unknown}
 F - 2 potions of ambrosia {unknown}


   Skills:
 + Level 7.4 Fighting
 * Level 9.8 Long Blades
 - Level 2.0 Throwing
 + Level 6.6 Dodging
 + Level 4.3 Stealth
 - Level 2.1 Evocations


You had 8 spell levels left.
You didn't know any spells.
Your spell library contained the following spells:

 Spells                   Type           Power        Failure   Level
 Animate Skeleton         Necr           #.....       21%         1
 Apportation              Tloc           #.....       21%         1
 Corona                   Hex            #......      21%         1
 Summon Small Mammal      Summ           #...         21%         1


Dungeon Overview and Level Annotations

Branches:
Dungeon (8/15)             Temple (1/1) D:4
   Lair: D:8-11

Altars:
Ashenzari
Cheibriados
Dithmenos
Elyvilon
Fedhas
Gozag
Hepliaklqana
Kikubaaqudgha
Makhleb
Nemelex Xobeh
Okawaru
Qazlal
Ru
Trog
Uskayaw
Vehumet
Wu Jian
Xom
Yredelemnul
Zin
The Shining One

Shops:
D:6 *

Annotations:
D:8 Gastronok, Psyche


Innate Abilities, Weirdness & Mutations

You can spit globs of acid.
Your golden yellow scales are hard. (AC +7)
You cannot fit into any form of body armour.
You are cold-blooded and may be slowed by cold attacks.
You are resistant to acid. (rCorr)


Message History

You feel strangely unstable. Psyche casts a spell at you.
The puff of frost hits you!
* * * LOW HITPOINT WARNING * * *
Psyche closely misses you. The hobgoblin barely misses you.
Unknown command.
It was a potion of curing.
You feel better.
Gastronok gurgles horribly!
Psyche hits you but does no damage. The cyclops hits you!!
* * * LOW HITPOINT WARNING * * *
Psyche hits you but does no damage. The hobgoblin misses you.
Unknown command.
Okay, then.
Okay, then.
As you read the scroll labelled TUAPNIT MIGOUTH, it crumbles to dust.
It is a scroll of enchant armour.
Your +0 hat glows green for a moment.
Psyche hits you but does no damage. The cyclops barely misses you.
The hobgoblin zaps a wand.
The puff of flame hits you.
You die...

......#####.#
#. #.. #.# #.
#w#######.#
#. #........#
#. #.########
#. #.# #. #
#.# ##..##@##
#.....@)#
#...#gC)..#
...........#
##.#._.#.#.#
#..... .#.#
#.?.#. .. #
#$.... ..
###... ...


You could see Gastronok, a cyclops, Psyche (fast) and a hobgoblin.

Vanquished Creatures
  Harold (D:7)
  Prince Ribbit (D:7)
  A hornet (D:7)
  Edmund (D:4)
  2 ice beasts
  A sky beast (D:5)
  2 orc warriors
  A phantom (D:8)
  A big kobold (D:7)
  Blork the orc (D:5)
  3 bullfrogs
  3 scorpions
  A howler monkey (D:5)
  8 wights
  A jelly (D:5)
  A bullfrog zombie (D:5)
  3 hounds
  4 orc priests
  6 orc wizards
  2 bullfrog skeletons
  Jessica (D:3)
  3 worker ants
  Natasha (thrice) (D:2)
  An iguana (D:7)
  2 hound skeletons
  Robin (D:4)
  4 gnolls (D:3)
  11 adders
  An ufetubus (D:6)
  An adder skeleton (D:7)
  3 worms
  3 dart slugs
  3 leopard geckos
  20 orcs
  16 goblins
  20 hobgoblins
  16 jackals
  2 quokkas
  5 bats
  3 frilled lizards
  A jackal skeleton (D:5)
  14 kobolds
  9 rats
187 creatures vanquished.

Vanquished Creatures (others)
  A kobold (D:7)
  38 plants (D:5)
39 creatures vanquished.

Grand Total: 226 creatures vanquished

Notes
Turn   | Place    | Note
-------+----------+-------------------------------------------
     0 | D:1      | KristoblXynda the Draconian Gladiator began the quest for
                  | the Orb.
     0 | D:1      | Reached XP level 1. HP: 17/17 MP: 1/1
   425 | D:1      | Reached XP level 2. HP: 18/25 MP: 2/2
   847 | D:1      | Reached XP level 3. HP: 30/30 MP: 3/3
  1434 | D:2      | Found a sparkling altar of Nemelex Xobeh.
  1578 | D:2      | Noticed Natasha
  1584 | D:2      | Killed Natasha
  1585 | D:2      | Reached skill level 4 in Long Blades
  1585 | D:2      | Reached XP level 4. HP: 19/38 MP: 4/4
  1873 | D:2      | Noticed Natasha
  1890 | D:2      | Killed Natasha
  1913 | D:2      | Found a sacrificial altar of Ru.
  2054 | D:2      | Reached XP level 5. HP: 41/45 MP: 5/5
  2271 | D:2      | Noticed Natasha
  2282 | D:2      | Killed Natasha
  2505 | D:3      | Noticed Jessica
  2520 | D:3      | Killed Jessica
  2855 | D:3      | Paralysed by a hobgoblin for 6 turns
  3028 | D:3      | Reached skill level 5 in Long Blades
  3063 | D:3      | Reached XP level 6. HP: 38/52 MP: 6/6
  3988 | D:4      | Found a bloodstained altar of Trog.
  4040 | D:4      | Noticed Edmund
  4065 | D:4      | Killed Edmund
  4066 | D:4      | Your scales start taking on a golden yellow colour.
  4066 | D:4      | Reached XP level 7. HP: 57/60 MP: 7/7
  4066 | D:4      | Gained mutation: You are resistant to acid. (rCorr) [Yellow
                  | Draconian growth]
  4124 | D:4      | Found a staircase to the Ecumenical Temple.
  4125 | D:4      | Noticed Robin
  4148 | D:4      | Killed Robin
  4149 | D:4      | Reached skill level 6 in Long Blades
  4162 | Temple   | Entered the Ecumenical Temple
  4231 | Temple   | Became a worshipper of Cheibriados the Contemplative
  4860 | D:5      | Entered Level 5 of the Dungeon
  4878 | D:5      | Found a broken altar of Ashenzari.
  4894 | D:5      | Reached skill level 5 in Fighting
  4921 | D:5      | Found a glowing golden altar of the Shining One.
  4921 | D:5      | Found a blossoming altar of Fedhas.
  5120 | D:5      | Reached * piety under Cheibriados
  5121 | D:5      | Reached skill level 1 in Evocations
  5266 | D:5      | Reached skill level 7 in Long Blades
  5490 | D:5      | Noticed Blork the orc
  5500 | D:5      | Killed Blork the orc
  5501 | D:5      | Reached XP level 8. HP: 50/68 MP: 8/8
  5606 | D:5      | Reached skill level 5 in Dodging
  6094 | D:6      | Found Joontel's General Store.
  6148 | D:6      | Bought a wand of paralysis (10) for 144 gold pieces
  6743 | D:6      | Reached skill level 1 in Stealth
  7036 | D:7      | Reached ** piety under Cheibriados
  7151 | D:7      | Noticed Harold
  7170 | D:7      | Killed Harold
  7171 | D:7      | Reached skill level 8 in Long Blades
  7171 | D:7      | Reached XP level 9. HP: 74/78 MP: 9/9
  7267 | D:7      | Reached skill level 9 in Long Blades
  7749 | D:7      | Found a glowing silver altar of Zin.
  7803 | D:7      | Noticed Prince Ribbit
  7809 | D:7      | Killed Prince Ribbit
  7916 | D:7      | Reached *** piety under Cheibriados
  8195 | D:8      | Found a radiant altar of Vehumet.
  8195 | D:8      | Noticed Gastronok
  8205 | D:8      | Noticed a cyclops
  8211 | D:8      | Noticed Psyche
  8218 | D:8      | HP: 1/79 [cyclops (32)]
  8219 | D:8      | Killed from afar by a hobgoblin

Illustrated notes

Levels and vault maps discovered:
D:1:      lightli_arrival_quake, layout_loops_ring
D:2:      layout_loops_ring, nicolae_ru_sacrificial_ziggurat,
          nemelex_xobeh_ov_fountains_minmay, uniq_natasha
D:3:      layout_loops_cross, item_on_display_a, uniq_jessica
D:4:      layout_gridville, minmay_temple_entry_large_hall, trog_book,
          uniq_robin, uniq_edmund
D:5:      wad_woods_pond, layout_basic, gammafunk_temple_overflow_forgotten,
          uniq_blork_the_orc
D:6:      layout_loops_cross, serial_shops, shop
D:7:      layout_basic, nicolae_overflow_hidden_temple, st_stairs_2,
          uniq_prince_ribbit1, uniq_harold
D:8:      layout_loops_ring, vehumet_altar_wand_db, uniq_psyche, uniq_gastronok,
          uniq_grum
Temple:   eino_temple_lava

Skill      XL: |  1  2  3  4  5  6  7  8  9 |
---------------+----------------------------+-----
Throwing       | 2 |  2.0
Dodging        | 3 4 5 6 |  6.6
Fighting       | 3 4 5 6 7 |  7.4
Long Blades    | 4 5 7 8 9 |  9.8
Evocations     | 1 2 |  2.1
Stealth        | 2 4 |  4.3

Action                   |  1- 3 |  4- 6 |  7- 9 || total
-------------------------+-------+-------+-------++-------
Melee: Long sword        |    99 |   163 |   182 ||   444
       Tailslap          |    10 |    25 |    74 ||   109
       Scimitar          |       |       |    84 ||    84
 Abil: Breathe Acid      |       |       |     8 ||     8
Evoke: Wand              |       |     7 |     1 ||     8
  Use: Scroll            |       |     4 |     7 ||    11
       Potion            |       |       |     1 ||     1
 Stab: Sleeping          |       |     1 |     5 ||     6
       Paralysed         |       |     8 |    14 ||    22
       Distracted        |       |     1 |       ||     1
Armor: Skin              |    43 |    53 |    60 ||   156
Dodge: Dodged            |    95 |    96 |   250 ||   441
       Rpst.: Long sword |    32 |    35 |    46 ||   113
       Scimitar          |       |       |    23 ||    23

Table legend: (Time is in decaauts)
 A = Elapsed time spent in this place.
 B = Non-inter-level travel time spent in this place.
 C = Inter-level travel time spent in this place.
 D = Time resting spent in this place.
 E = Time spent auto-exploring this place.
 F = Levels seen in this place.
 G = Mean time per level.
                   A        B        C        D        E       F      G
               +--------+--------+--------+--------+--------+-----+--------+
         Total |   9286 |   9060 |    226 |   1883 |   5533 |   9 | 1031.8 |
       Dungeon |   9205 |   8979 |    226 |   1846 |   5533 |   8 | 1150.6 |
        Temple |     80 |     80 |      0 |     37 |      0 |   1 |   80.0 |
               +--------+--------+--------+--------+--------+-----+--------+

Top non-repeatable levels by time:
     D:5: 1487 daAuts
     D:7: 1479 daAuts
     D:1: 1273 daAuts
     D:2: 1261 daAuts
     D:4: 1256 daAuts
     D:3: 1182 daAuts
     D:6: 1155 daAuts
     D:8: 108 daAuts
  Temple: 80 daAuts
